| TOP OF THE 1ST |
|
Los Angeles (NYP) Angels batting - Pitching for Staten Island Yankees : RHP Jon Campbell
|
|
Pitching: RHP Jon Campbell
|
|
|
Batting: RHB Khalil Thurston
|
0-0: DOUBLE (Flyball, 89XD, EV 113.8 MPH)
|
|
Batting: RHB Arnaud Derosiers
|
0-0: Ball 1-0: Ball 2-0: Called Strike 2-1: Ground out 6-3 (Groundball, 6, EV 78.1 MPH) Khalil Thurston to third
|
|
Batting: RHB Dean LeCroy
|
0-0: Ball 1-0: Ball 2-0: Called Strike 2-1: Ball 3-1: Base on Balls
|
|
Batting: RHB Juan Rosa
|
0-0: Ball 1-0: Called Strike 1-1: Ball 2-1: Ball 3-1: Base on Balls Dean LeCroy to second
|
|
Batting: LHB Bill Girton
|
0-0: DOUBLE (Flyball, 8LXD, EV 114.4 MPH) Khalil Thurston scores Dean LeCroy scores Juan Rosa to third
|
|
Batting: LHB Alberto Carrillo
|
0-0: DOUBLE (Flyball, 8LXD, EV 102.5 MPH) Juan Rosa scores Bill Girton scores
|
|
Batting: SHB Yuya Hirata
|
0-0: Ball 1-0: Ball 2-0: Ball 3-0: Base on Balls
|
|
Batting: RHB David Rhodes
|
0-0: Hit by Pitch Alberto Carrillo to third Yuya Hirata to second
|
|
Batting: RHB Ron Major
|
0-0: Foul Ball, location: 2F 0-1: Foul Ball, location: 2F 0-2: Strikes out swinging
|
|
Batting: RHB Khalil Thurston
|
0-0: Swinging Strike 0-1: Ball 1-1: Ball 2-1: Ball 3-1: Fly out, F9 (Flyball, 9, EV 76.9 MPH)
|
| Top of the 1st over - 4 runs, 3 hits, 0 errors, 3 left on base; Los Angeles (NYP) 4 - Staten Island 0 |
| BOTTOM OF THE 1ST |
|
Staten Island Yankees batting - Pitching for Los Angeles (NYP) Angels : LHP Si-hun Yi
|
|
Pitching: LHP Si-hun Yi
|
|
|
Batting: RHB Norimoto Miyanishi
|
0-0: Swinging Strike 0-1: Called Strike 0-2: Strikes out swinging
|
|
Batting: RHB Edite Leoni
|
0-0: SINGLE (Groundball, 5L, EV 95.0 MPH)
|
|
Batting: RHB Brad Wren
|
0-0: Ball 1-0: Ball 2-0: Grounds into double play, 6-4-3 (Groundball, 6, EV 85.6 MPH)
|
| Bottom of the 1st over - 0 runs, 1 hit, 0 errors, 0 left on base; Los Angeles (NYP) 4 - Staten Island 0 |
| TOP OF THE 2ND |
|
Los Angeles (NYP) Angels batting - Pitching for Staten Island Yankees : RHP Jon Campbell
|
|
Batting: RHB Arnaud Derosiers
|
0-0: Called Strike 0-1: Ball 1-1: Called Strike 1-2: Fly out, F4 (Popup, 4S, EV 65.0 MPH)
|
|
Batting: RHB Dean LeCroy
|
0-0: SINGLE (Groundball, 56D, EV 103.1 MPH)
|
|
Batting: RHB Juan Rosa
|
0-0: Ball 1-0: Called Strike 1-1: Ball 2-1: Foul Ball, location: 2F 2-2: Ball 3-2: DOUBLE (Line Drive, 9LM, EV 88.1 MPH) Dean LeCroy to third Runner from 3rd tries for Home, SAFE, no throw by RF
|
|
Batting: LHB Bill Girton
|
0-0: Called Strike 0-1: Ground out U3 (Groundball, 34S, EV 76.9 MPH) Juan Rosa to third
|
|
Batting: LHB Alberto Carrillo
|
0-0: Called Strike 0-1: Ball Wild Pitch! Juan Rosa scores 1-1: Ball 2-1: Foul Ball, location: 2F 2-2: Strikes out swinging
|
| Top of the 2nd over - 2 runs, 2 hits, 0 errors, 0 left on base; Los Angeles (NYP) 6 - Staten Island 0 |
| BOTTOM OF THE 2ND |
|
Staten Island Yankees batting - Pitching for Los Angeles (NYP) Angels : LHP Si-hun Yi
|
|
Batting: RHB Pat Pemberton
|
0-0: Ball 1-0: Ball 2-0: Ball 3-0: Base on Balls
|
|
Batting: SHB Adam Slade
|
0-0: Called Strike 0-1: SINGLE (Line Drive, 8RS, EV 105.0 MPH) Pat Pemberton to second
|
|
Batting: RHB Matt Thompson
|
0-0: Called Strike 0-1: Swinging Strike 0-2: Foul Ball, location: 2F 0-2: SINGLE (Groundball, 56D, EV 97.5 MPH) Pat Pemberton to third Adam Slade to second
|
|
Batting: LHB Danny de Leon
|
0-0: Fly out, F7 (Flyball, 78D, EV 76.2 MPH)
|
|
Batting: LHB Dario Segura
|
0-0: Called Strike 0-1: Swinging Strike 0-2: Strikes out swinging
|
|
Batting: RHB Alex Blanco
|
0-0: Ball 1-0: Ball 2-0: Called Strike 2-1: Foul Ball, location: 2F 2-2: Foul Ball, location: 2F 2-2: Strikes out swinging
|
| Bottom of the 2nd over - 0 runs, 2 hits, 0 errors, 3 left on base; Los Angeles (NYP) 6 - Staten Island 0 |
| TOP OF THE 3RD |
|
Los Angeles (NYP) Angels batting - Pitching for Staten Island Yankees : RHP Jon Campbell
|
|
Batting: SHB Yuya Hirata
|
0-0: Ball 1-0: Ground out 6-3 (Groundball, 4MS, EV 86.2 MPH)
|
|
Batting: RHB David Rhodes
|
0-0: Ball 1-0: Foul Ball, location: 2F 1-1: Called Strike 1-2: Foul Ball, location: 2F 1-2: SINGLE (Flyball, 8LS, EV 90.0 MPH)
|
|
Pitching: RHP Kenny Samuels
|
|
|
Batting: RHB Ron Major
|
0-0: Called Strike 0-1: Swinging Strike 0-2: Strikes out swinging
|
|
Batting: RHB Khalil Thurston
|
0-0: Called Strike 0-1: Foul Ball, location: 2F 0-2: SINGLE (Line Drive, 6M, EV 104.4 MPH) David Rhodes to second
|
|
Batting: RHB Arnaud Derosiers
|
0-0: Foul Ball, location: 2F 0-1: Ball 1-1: Fly out, F8 (Flyball, 8RS, EV 85.0 MPH)
|
| Top of the 3rd over - 0 runs, 2 hits, 0 errors, 2 left on base; Los Angeles (NYP) 6 - Staten Island 0 |
| BOTTOM OF THE 3RD |
|
Staten Island Yankees batting - Pitching for Los Angeles (NYP) Angels : LHP Si-hun Yi
|
|
Batting: RHB Norimoto Miyanishi
|
0-0: Called Strike 0-1: Ball 1-1: Foul Ball, location: 2F 1-2: Foul Ball, location: 2F 1-2: Ball 2-2: Ball 3-2: Strikes out swinging
|
|
Batting: RHB Edite Leoni
|
0-0: Reached on error, E6 (Groundball, 6, EV 100.6 MPH)
|
|
Batting: RHB Brad Wren
|
0-0: Ball 1-0: Swinging Strike 1-1: Swinging Strike 1-2: Strikes out swinging
|
|
Batting: RHB Pat Pemberton
|
0-0: Called Strike 0-1: Foul Ball, location: 2F 0-2: Foul Ball, location: 2F 0-2: Ball 1-2: Ball 2-2: Ball 3-2: Base on Balls Edite Leoni to second
|
|
Batting: SHB Adam Slade
|
0-0: Called Strike 0-1: Ball 1-1: Ball 2-1: Fielders Choice at 2nd, 6-4 (Groundball, 6, EV 81.9 MPH)
|
| Bottom of the 3rd over - 0 runs, 0 hits, 1 error, 2 left on base; Los Angeles (NYP) 6 - Staten Island 0 |
| TOP OF THE 4TH |
|
Los Angeles (NYP) Angels batting - Pitching for Staten Island Yankees : RHP Kenny Samuels
|
|
Batting: RHB Dean LeCroy
|
0-0: Ball 1-0: Foul Ball, location: 2F 1-1: Swinging Strike 1-2: Ball 2-2: Foul Ball, location: 2F 2-2: Ball 3-2: Strikes out swinging
|
|
Batting: RHB Juan Rosa
|
0-0: Called Strike 0-1: Swinging Strike 0-2: Ground out 4-3 (Groundball, 4, EV 103.8 MPH)
|
|
Batting: LHB Bill Girton
|
0-0: Foul Ball, location: 2F 0-1: Called Strike 0-2: Ball 1-2: Foul Ball, location: 2F 1-2: Ball 2-2: Foul Ball, location: 2F 2-2: Ball 3-2: Base on Balls
|
|
Batting: LHB Alberto Carrillo
|
0-0: Called Strike Bill Girton is caught stealing 2nd base 2-6
|
| Top of the 4th over - 0 runs, 0 hits, 0 errors, 0 left on base; Los Angeles (NYP) 6 - Staten Island 0 |
| BOTTOM OF THE 4TH |
|
Staten Island Yankees batting - Pitching for Los Angeles (NYP) Angels : LHP Si-hun Yi
|
|
Batting: RHB Matt Thompson
|
0-0: Ball 1-0: Called Strike 1-1: Ball 2-1: Ball 3-1: Called Strike 3-2: Foul Ball, location: 2F 3-2: Foul Ball, location: 2F 3-2: Base on Balls
|
|
Batting: LHB Danny de Leon
|
0-0: Called Strike 0-1: Ball 1-1: Ball 2-1: Ball Wild Pitch! Matt Thompson to second 3-1: Foul Ball, location: 2F 3-2: Base on Balls
|
|
Batting: LHB Dario Segura
|
0-0: Foul Ball, location: 2F 0-1: SINGLE (Groundball, 34S, EV 67.5 MPH) (infield hit) Matt Thompson to third Danny de Leon to second
|
|
Batting: RHB Alex Blanco
|
0-0: Ball 1-0: Ball 2-0: Ball 3-0: Called Strike 3-1: Base on Balls Matt Thompson scores Danny de Leon to third Dario Segura to second
|
|
Batting: RHB Norimoto Miyanishi
|
0-0: Called Strike 0-1: Ball 1-1: Foul Ball, location: 2F 1-2: Ball 2-2: SINGLE (Groundball, 6M, EV 95.6 MPH) Danny de Leon scores Dario Segura to third Alex Blanco to second Runner from 3rd tries for Home, SAFE, throw by CF to home
|
|
Pitching: RHP Eli Mercedes
|
|
|
Batting: RHB Edite Leoni
|
0-0: Called Strike 0-1: Ball 1-1: Swinging Strike 1-2: Foul Ball, location: 2F 1-2: Strikes out looking
|
|
Batting: RHB Brad Wren
|
0-0: Swinging Strike 0-1: Foul Ball, location: 2F 0-2: Strikes out swinging
|
|
Batting: RHB Pat Pemberton
|
0-0: Called Strike 0-1: Ball 1-1: SINGLE (Groundball, 4MD, EV 101.9 MPH) Alex Blanco to third Norimoto Miyanishi to second Runner from 3rd tries for Home, throw by CF and OUT! 8-2
|
| Bottom of the 4th over - 3 runs, 3 hits, 0 errors, 2 left on base; Los Angeles (NYP) 6 - Staten Island 3 |
| TOP OF THE 5TH |
|
Los Angeles (NYP) Angels batting - Pitching for Staten Island Yankees : RHP Kenny Samuels
|
|
Batting: LHB Alberto Carrillo
|
0-0: Ball 1-0: Foul Ball, location: 2F 1-1: Foul Ball, location: 2F 1-2: Strikes out swinging
|
|
Batting: SHB Yuya Hirata
|
0-0: Foul Ball, location: 2F 0-1: Foul Ball, location: 2F 0-2: Ground out 4-3 (Groundball, 4, EV 93.1 MPH)
|
|
Batting: RHB David Rhodes
|
0-0: Ground out 6-3 (Groundball, 6, EV 102.5 MPH)
|
| Top of the 5th over - 0 runs, 0 hits, 0 errors, 0 left on base; Los Angeles (NYP) 6 - Staten Island 3 |
| BOTTOM OF THE 5TH |
|
Staten Island Yankees batting - Pitching for Los Angeles (NYP) Angels : RHP Eli Mercedes
|
|
Batting: SHB Adam Slade
|
0-0: Ball 1-0: Ground out 6-3 (Groundball, 4M, EV 98.8 MPH)
|
|
Batting: RHB Matt Thompson
|
0-0: SINGLE (Groundball, 56D, EV 108.1 MPH)
|
|
Batting: LHB Danny de Leon
|
0-0: Ball 1-0: DOUBLE (Line Drive, 8RD, EV 109.4 MPH) Matt Thompson to third Runner from 3rd tries for Home, SAFE, throw by CF to home
|
|
Batting: LHB Dario Segura
|
0-0: Ball 1-0: Ball 2-0: Ball 3-0: Base on Balls
|
|
Batting: RHB Alex Blanco
|
0-0: Reached on error, E5 (Groundball, 56, EV 91.9 MPH) Danny de Leon to third Dario Segura to second
|
|
Batting: RHB Norimoto Miyanishi
|
0-0: SINGLE (Groundball, 6, EV 99.4 MPH) Danny de Leon scores Dario Segura to third Alex Blanco to second Runner from 3rd tries for Home, SAFE, throw by LF to home
|
|
Batting: RHB Edite Leoni
|
0-0: Ball 1-0: Called Strike 1-1: Foul Ball, location: 2F 1-2: Grounds into double play, 6-4-3 (Groundball, 56, EV 103.1 MPH)
|
| Bottom of the 5th over - 3 runs, 3 hits, 1 error, 1 left on base; Los Angeles (NYP) 6 - Staten Island 6 |
| TOP OF THE 6TH |
|
Los Angeles (NYP) Angels batting - Pitching for Staten Island Yankees : RHP Kenny Samuels
|
|
Pinch Hitting: RHB Aaron Bryant
|
0-0: Fly out, F9 (Flyball, 9, EV 73.1 MPH)
|
|
Batting: RHB Khalil Thurston
|
0-0: Called Strike 0-1: Foul Ball, location: 2F 0-2: Ball 1-2: SOLO HOME RUN (Flyball, 9D, EV 102.5 MPH), Distance : 378 ft
|
|
Batting: RHB Arnaud Derosiers
|
0-0: Foul Ball, location: 2F 0-1: Ball 1-1: Called Strike 1-2: Ball 2-2: SINGLE (Groundball, 34D, EV 97.5 MPH)
|
|
Pitching: LHP Loo Lei
|
|
|
Batting: RHB Dean LeCroy
|
0-0: SINGLE (Groundball, 4M, EV 102.5 MPH) (infield hit) Arnaud Derosiers to second
|
|
Batting: RHB Juan Rosa
|
0-0: Ball 1-0: Ball 2-0: Swinging Strike 2-1: Foul Ball, location: 2F 2-2: Strikes out swinging
|
|
Batting: LHB Bill Girton
|
0-0: Ball 1-0: Ground out 4-3 (Groundball, 4, EV 98.8 MPH)
|
| Top of the 6th over - 1 run, 3 hits, 0 errors, 2 left on base; Los Angeles (NYP) 7 - Staten Island 6 |
| BOTTOM OF THE 6TH |
|
Staten Island Yankees batting - Pitching for Los Angeles (NYP) Angels : RHP Eli Mercedes
|
|
Pitching: RHP Kunihiro Sasaki
|
|
|
Now at 3B: Yuya Hirata
|
|
|
Now at SS: Dan Burkhart
|
|
|
Batting: RHB Brad Wren
|
0-0: Ball 1-0: Ground out U3 (Groundball, 3, EV 91.9 MPH)
|
|
Batting: RHB Pat Pemberton
|
0-0: Ball 1-0: Called Strike 1-1: Ball 2-1: Called Strike 2-2: Strikes out swinging
|
|
Batting: SHB Adam Slade
|
0-0: Ball 1-0: Ball 2-0: Ball 3-0: Base on Balls
|
|
Batting: RHB Matt Thompson
|
0-0: Ball 1-0: Called Strike 1-1: Foul Ball, location: 2F 1-2: TRIPLE (Flyball, 9LD, EV 101.9 MPH) Adam Slade scores
|
|
Batting: LHB Danny de Leon
|
0-0: Fly out, F9 (Line Drive, 9S, EV 90.0 MPH)
|
| Bottom of the 6th over - 1 run, 1 hit, 0 errors, 1 left on base; Los Angeles (NYP) 7 - Staten Island 7 |
| TOP OF THE 7TH |
|
Los Angeles (NYP) Angels batting - Pitching for Staten Island Yankees : LHP Loo Lei
|
|
Batting: RHB Joe Hewitt
|
0-0: Foul Ball, location: 2F 0-1: Foul Ball, location: 2F 0-2: Foul Ball, location: 2F 0-2: Ball 1-2: TRIPLE (Line Drive, 8RXD, EV 105.6 MPH)
|
|
Batting: SHB Yuya Hirata
|
0-0: Ground out 5-3 (Groundball, 56, EV 83.1 MPH)
|
|
Batting: RHB David Rhodes
|
0-0: Foul Ball, location: 2F 0-1: Ball 1-1: Called Strike 1-2: Strikes out swinging
|
|
Batting: RHB Dan Burkhart
|
0-0: Ground out 5-3 (Groundball, 56, EV 81.9 MPH)
|
| Top of the 7th over - 0 runs, 1 hit, 0 errors, 1 left on base; Los Angeles (NYP) 7 - Staten Island 7 |
| BOTTOM OF THE 7TH |
|
Staten Island Yankees batting - Pitching for Los Angeles (NYP) Angels : RHP Kunihiro Sasaki
|
|
Batting: LHB Dario Segura
|
0-0: Ball 1-0: Ball 2-0: Called Strike 2-1: Ball 3-1: Foul Ball, location: 2F 3-2: Base on Balls
|
|
Batting: RHB Alex Blanco
|
0-0: Called Strike 0-1: Foul Ball, location: 2F 0-2: Ball 1-2: Ball 2-2: Ball 3-2: Fly out, F8 (Flyball, 8LM, EV 95.6 MPH)
|
|
Batting: RHB Norimoto Miyanishi
|
0-0: Ball 1-0: Called Strike 1-1: Fielders Choice at 2nd, 6-4 (Groundball, 6M, EV 103.1 MPH)
|
|
Batting: RHB Edite Leoni
|
0-0: Swinging Strike 0-1: Ball Norimoto Miyanishi steals 2nd, throwing error, E2 Norimoto Miyanishi to third 1-1: Ground out 5-3 (Groundball, 56, EV 83.8 MPH)
|
| Bottom of the 7th over - 0 runs, 0 hits, 1 error, 1 left on base; Los Angeles (NYP) 7 - Staten Island 7 |
| TOP OF THE 8TH |
|
Los Angeles (NYP) Angels batting - Pitching for Staten Island Yankees : LHP Loo Lei
|
|
Batting: RHB Khalil Thurston
|
0-0: DOUBLE (Line Drive, 9LS, EV 90.0 MPH)
|
|
Batting: RHB Arnaud Derosiers
|
0-0: Called Strike 0-1: Foul Ball, location: 2F 0-2: Ball 1-2: Foul Ball, location: 2F 1-2: Foul Ball, location: 2F 1-2: Ball 2-2: SINGLE (Flyball, 78S, EV 93.8 MPH) Khalil Thurston to third Runner from 3rd tries for Home, SAFE, throw by LF to home
|
|
Pitching: RHP Eric Patrick
|
|
|
Batting: RHB Dean LeCroy
|
0-0: Called Strike 0-1: Ball 1-1: Foul Ball, location: 2F 1-2: Strikes out swinging
|
|
Batting: RHB Juan Rosa
|
0-0: 2-RUN HOME RUN (Flyball, 9D, EV 93.1 MPH), Distance : 365 ft
|
|
Batting: LHB Bill Girton
|
0-0: Foul Ball, location: 2F 0-1: Foul Ball, location: 2F 0-2: Fly out, F8 (Flyball, 89M, EV 88.8 MPH)
|
|
Batting: RHB Joe Hewitt
|
0-0: Called Strike 0-1: Foul Ball, location: 2F 0-2: Foul Ball, location: 2F 0-2: Ball 1-2: Foul Ball, location: 2F 1-2: Ball 2-2: Strikes out looking
|
| Top of the 8th over - 3 runs, 3 hits, 0 errors, 0 left on base; Los Angeles (NYP) 10 - Staten Island 7 |
| BOTTOM OF THE 8TH |
|
Staten Island Yankees batting - Pitching for Los Angeles (NYP) Angels : RHP Kunihiro Sasaki
|
|
Batting: RHB Brad Wren
|
0-0: Called Strike 0-1: Ball 1-1: Swinging Strike 1-2: Strikes out swinging
|
|
Batting: RHB Pat Pemberton
|
0-0: Called Strike 0-1: Ball 1-1: Fly out, F4 (Popup, 34, EV 70.0 MPH)
|
|
Batting: SHB Adam Slade
|
0-0: TRIPLE (Flyball, 7D, EV 108.8 MPH)
|
|
Batting: RHB Matt Thompson
|
0-0: Ball 1-0: Ball Passed Ball! Adam Slade scores 2-0: Ground out 5-3 (Groundball, 56, EV 103.1 MPH)
|
| Bottom of the 8th over - 1 run, 1 hit, 0 errors, 0 left on base; Los Angeles (NYP) 10 - Staten Island 8 |
| TOP OF THE 9TH |
|
Los Angeles (NYP) Angels batting - Pitching for Staten Island Yankees : RHP Eric Patrick
|
|
Batting: SHB Yuya Hirata
|
0-0: Swinging Strike 0-1: Foul Ball, location: 2F 0-2: Ball 1-2: Fly out, F8 (Flyball, 89M, EV 84.4 MPH)
|
|
Batting: RHB David Rhodes
|
0-0: Swinging Strike 0-1: Swinging Strike 0-2: Strikes out swinging
|
|
Batting: RHB Dan Burkhart
|
0-0: Ball 1-0: Ball 2-0: Ball 3-0: Called Strike 3-1: Ground out 3-1 (Groundball, 34S, EV 84.4 MPH)
|
| Top of the 9th over - 0 runs, 0 hits, 0 errors, 0 left on base; Los Angeles (NYP) 10 - Staten Island 8 |
| BOTTOM OF THE 9TH |
|
Staten Island Yankees batting - Pitching for Los Angeles (NYP) Angels : RHP Kunihiro Sasaki
|
|
Batting: LHB Danny de Leon
|
0-0: Called Strike 0-1: Ground out U3 (Groundball, 3, EV 101.9 MPH)
|
|
Pitching: LHP Paul Griffin
|
|
|
Batting: RHB Daniel Underhay
|
0-0: Foul Ball, location: 2F 0-1: Ball 1-1: Foul Ball, location: 2F 1-2: Fly out, F4 (Popup, 4, EV 64.4 MPH)
|
|
Batting: RHB Alex Blanco
|
0-0: Called Strike 0-1: Swinging Strike 0-2: Ball 1-2: Ground out 2-3 (Groundball, 2R, EV 76.2 MPH)
|
| Bottom of the 9th over - 0 runs, 0 hits, 0 errors, 0 left on base; Los Angeles (NYP) 10 - Staten Island 8 |
|